 Dungeon Crawl Stone Soup version 0.29.1-12-g30fa7ad0bf (webtiles) character file.

Game seed: 17741116328096940150

228 wormed the Shooter (level 5, 0/27 HPs)
             Began as a Spriggan Hunter on Dec 29, 2022.
             Succumbed to an orc's curare-tipped dart
             ... on level 3 of the Dungeon.
             The game lasted 00:03:43 (3084 turns).

wormed the Shooter (Spriggan Hunter)                Turns: 3084, Time: 00:03:43

Health: 0/27       AC:  2    Str:  7    XL:     5   Next: 71%
Magic:  2/6        EV: 19    Int: 11    God:
Gold:   143        SH:  0    Dex: 20    Spells: 4/4 levels left

rFire   . . .      SeeInvis +   a - +0 shortbow
rCold   . . .      Faith    .   (shield currently unavailable)
rNeg    . . .      Spirit   +   c - +0 robe
rPois   .          Reflect  .   (helmet restricted)
rElec   .          Harm     .   (no cloak)
rCorr   .          Rampage  .   (gloves unavailable)
Will    .....                   (boots unavailable)
Stlth   +++.......              j - amulet of guardian spirit
HPRegen 0.09/turn               (no ring)
MPRegen 0.10/turn               (no ring)

@: lethally poisoned (0 -> -14), slowed, quick
A: very small, no large weapons, unfitting armour, see invisible, speed 3
a: no special abilities


You were on level 3 of the Dungeon.
You visited 1 branch of the dungeon, and saw 3 of its levels.

You collected 143 gold pieces.

Inventory:

Hand Weapons
 a - a +0 shortbow (weapon)
Armour
 c - a +0 robe (worn)
Jewellery
 j - an amulet of guardian spirit (around neck)
Scrolls
 b - a scroll of immolation
 d - 6 scrolls of identify {unknown}
 e - a scroll of summoning {unknown}
 f - a scroll of magic mapping {unknown}
 g - a scroll of enchant weapon {unknown}
 i - a scroll of amnesia {unknown}
Potions
 h - 2 potions of heal wounds {unknown}
 k - a potion of berserk rage {unknown}
 l - a potion of mutation {unknown}


   Skills:
 + Level 2.5 Fighting
 * Level 5.4 Ranged Weapons
 + Level 4.2 Dodging
 + Level 4.1 Stealth


You had 4 spell levels left.
You didn't know any spells.
Your spell library contained the following spells:

 Spells                   Type           Power      Damage    Failure   Level
 Static Discharge         Conj/Air       0%         3-3/arc   47%         2
 Lightning Bolt           Conj/Air       0%         1d11      100%        5
 Maxwell's Capacitive Co  Air            0%         ∞         100%        8


Dungeon Overview and Level Annotations

Branches:
Dungeon (3/15)

Altars:
Ru
Zin


Innate Abilities, Weirdness & Mutations

You are very small and have problems with some larger weapons.
You are too small for most types of armour.
You have supernaturally acute eyesight. (SInv)
You cover ground extremely quickly. (Speed+++)


Message History

You hear a shout!
You hear an angry hiss.
An orc comes into view. It is wielding a +0 hand axe.
An endoplasm comes into view.
A ball python comes into view.
The orc throws a curare-tipped dart.
The curare-tipped dart closely misses you.
You shoot an arrow. The arrow hits the orc.
You kill the orc!
No target in view!
No target in view!
You shoot an arrow. The arrow hits the ball python.
You kill the ball python!
You shoot an arrow. The arrow hits the orc wizard.
The orc wizard is lightly wounded.
You shoot an arrow. The arrow hits the orc wizard!
The orc wizard is severely wounded.
You shoot an arrow. The arrow hits the orc wizard.
The orc wizard is severely wounded.
The orc wizard closely misses you.
You shoot an arrow. The arrow barely misses the orc wizard.
The orc misses you.
The orc wizard points at you and mumbles some strange words.
The puff of flame hits you.
You shoot an arrow. The arrow barely misses the orc wizard.
The orc hits you with a +0 morningstar! The orc wizard completely misses you.
You shoot an arrow.
The arrow closely misses the orc wizard.
The orc barely misses you.
The orc wizard hits you with a +0 short sword.
You shoot an arrow. The arrow hits the orc wizard!
You kill the orc wizard!
The orc completely misses you. The orc misses you.
Items here: $ ) ? [.
The orc throws a curare-tipped dart.
The curare-tipped dart hits you.
You are lethally poisoned!
You have difficulty breathing.
* * * LOW HITPOINT WARNING * * *
You feel yourself slow down.
* * * LOW HITPOINT WARNING * * *
You feel very sick.
You die...

#.#..# o.)...[
##.# #.#.##
.... #.#
#>.(.# #####o#
#.# ###.##
#.##..# #.#
#.# #.)..##
#.# #.# #o####
#.# #.# #.#
#.# #.#
#o##########
#.# #.#
#.o.o....@.#
#.# #.#
##########.#
#.# #.# #.#
#.# #.# #.#
#.# #.#
######.#######
#># ###.#
#............#
#.### #...#
#.####.#####.#
#.... #(###
#.# #.# #.#
##### #.# #.#
#.# #.#


You could see 2 orcs.

Vanquished Creatures
  4 orc wizards (D:3)
  An adder (D:2)
  3 worms
  4 dart slugs
  7 orcs (D:3)
  4 ball pythons
  11 endoplasms
  3 giant cockroaches
  2 goblins
  8 hobgoblins
  14 jackals (D:1)
  7 kobolds
  2 quokkas
  5 bats
  5 frilled lizards
  9 rats
89 creatures vanquished.

Vanquished Creatures (others)
  3 plants (D:3)
3 creatures vanquished.

Grand Total: 92 creatures vanquished

Notes
Turn   | Place    | Note
-------+----------+-------------------------------------------
     0 | D:1      | wormed the Spriggan Hunter began the quest for the Orb.
     0 | D:1      | Reached XP level 1. HP: 10/10 MP: 2/2
     2 | D:1      | Found a runed translucent door.
    98 | D:1      | Reached XP level 2. HP: 15/15 MP: 3/3
   561 | D:1      | Reached XP level 3. HP: 18/18 MP: 4/4
  1611 | D:2      | Found a faded altar of an unknown god.
  1779 | D:2      | Reached XP level 4. HP: 23/23 MP: 5/5
  2362 | D:3      | Reached skill level 5 in Ranged Weapons
  2526 | D:3      | Found a glowing silver altar of Zin.
  2550 | D:3      | Found a sacrificial altar of Ru.
  2604 | D:3      | Reached XP level 5. HP: 26/27 MP: 6/6
  3084 | D:3      | Succumbed to an orc's curare-tipped dart

Illustrated notes

Levels and vault maps discovered:
D:1:      dpeg_arrival_caged_fury, layout_loops_corners, serial_forest,
          infiniplex_forest_lined_ring, infiniplex_forest_zigzag_2,
          infiniplex_forest_end_2, infiniplex_forest_lined_2,
          infiniplex_forest_lined_corner, infiniplex_forest_clump_small
D:2:      layout_basic, ebering_ecumenical_altar_abandoned
D:3:      wad_lake_hut, layout_loops_ring, mainiacjoe_overflow_catch_the_wave,
          kennysheep_generic_room_2

Skill      XL: |  1  2  3  4  5 |
---------------+----------------+-----
Stealth        | 2 3 4 |  4.1
Dodging        | 3 4 |  4.2
Fighting       | 2 |  2.5
Ranged Weapons | 5 |  5.4

Action                   |  1- 3 |  4- 6 || total
-------------------------+-------+-------++-------
 Fire: Shortbow          |   123 |   102 ||   225
Armor: Robe              |     7 |       ||     7
Dodge: Dodged            |    47 |    23 ||    70
